 Dungeon Crawl Stone Soup version 0.30-a0-639-g3916f1956a (webtiles) character file.

Game seed: 2125593734846623669

18 wormed the Sneak (level 2, -4/18 HPs)
             Began as a Kobold Brigand on Jan 16, 2023.
             Slain by Terence
             ... wielding a +0 trident
              (10 damage)
             ... on level 2 of the Dungeon.
             The game lasted 00:01:12 (1119 turns).

wormed the Sneak (Kobold Brigand)                   Turns: 1119, Time: 00:01:12

Health: -4/18      AC:  3    Str: 14    XL:     2   Next: 90%
Magic:  2/2        EV: 13    Int: 12    God:
Gold:   46         SH:  9    Dex: 16    Spells: 1/1 levels left

rFire   . . .      SeeInvis +    a - +3 dagger
rCold   . . .      Faith    .    j - +0 buckler
rNeg    . . .      Spirit   .    b - +0 robe
rPois   .          Reflect  +    (no helmet)
rElec   .          Harm     .    c - +0 cloak
rCorr   .          Rampage  .    (no gloves)
Will    .....                    (no boots)
Stlth   ++++                     f - amulet of reflection
HPRegen 0.23/turn                m - +6 ring of strength
MPRegen 0.08/turn                h - ring of see invisible

@: no status effects
A: small, no large weapons, nightstalker 3
a: no special abilities


You were on level 2 of the Dungeon.
You visited 1 branch of the dungeon, and saw 2 of its levels.

You collected 46 gold pieces.

Inventory:

Hand Weapons
 a - a +3 dagger (weapon)
Missiles
 d - 9 poisoned darts (quivered)
 e - 3 curare-tipped darts
Armour
 b - a +0 robe (worn)
 c - a +0 cloak (worn)
 j - a +0 buckler (worn)
Jewellery
 f - an amulet of reflection (around neck)
 g - a ring of ice
 h - a ring of see invisible (right hand)
 m - a +6 ring of strength (left hand)
Potions
 i - a potion of lignification


   Skills:
 + Level 2.4 Fighting
 * Level 3.3 Short Blades
 - Level 2.1 Throwing
 + Level 1.6 Dodging
 + Level 5.5 Stealth
 + Level 0.3 Shields


You had one spell level left.
You didn't know any spells.
Your spell library was empty.

Dungeon Overview and Level Annotations

Branches:
Dungeon (2/15)

Altars:

Annotations:
D:2 Terence


Innate Abilities, Weirdness & Mutations

You are small and have problems with some larger weapons.
You are completely attuned to the shadows.


Message History

Magic quickly surges around you.
It was a scroll of vulnerability.
Your surroundings suddenly seem different.
As you read the scroll labelled PECAHU LUICYI, it crumbles to dust.
The air around you briefly surges with heat, but it dissipates.
It was a scroll of immolation.
As you read the scroll labelled JYJEDD CUIHUFU, it crumbles to dust.
It is a scroll of identify.
i - a potion of lignification You see here 7 stones.
There is a stone staircase leading down here.
You climb downwards.
There is a stone staircase leading up here.
Found a whip.
You now have 46 gold pieces (gained 6).
g - a ring of ice You feel your willpower return.
Terence the Incautious comes into view.
He is wielding a +0 trident.
You block Terence's attack. You block Terence's attack.
You hit Terence but do no damage. You hit Terence but do no damage.
Terence hits you with a +0 trident.
You hit Terence but do no damage. You block Terence's attack.
You hit Terence.
Terence is moderately wounded.
You block Terence's attack.
You barely miss Terence.
Terence is moderately wounded.
Terence closely misses you.
You hit Terence.
Terence is moderately wounded.
You block Terence's attack.
You completely miss Terence.
Terence is moderately wounded.
Terence hits you with a +0 trident!
Ouch! That really hurt!
You closely miss Terence.
Terence is moderately wounded.
Terence hits you with a +0 trident!
Ouch! That really hurt!
You die...

######## #.. ..#
#.# #.#
#####<####.#####
......#........#
........##.###.#
......####.# #@#
...........# #@#
........#### ..#
.......# #.##
.......# #.
.......#
.....).#
.......# ......#


You could see Terence.

Vanquished Creatures
  A dart slug (D:1)
  3 bats (D:1)
  3 endoplasms (D:1)
  A goblin (D:1)
  3 hobgoblins (D:1)
  A quokka (D:1)
  A frilled lizard (D:1)
  A rat (D:1)
14 creatures vanquished.

Vanquished Creatures (others)
  2 plants (D:1)
2 creatures vanquished.

Grand Total: 16 creatures vanquished

Notes
Turn   | Place    | Note
-------+----------+-------------------------------------------
     0 | D:1      | wormed the Kobold Brigand began the quest for the Orb.
     0 | D:1      | Reached XP level 1. HP: 12/12 MP: 1/1
   259 | D:1      | Reached XP level 2. HP: 18/18 MP: 2/2
  1109 | D:2      | Noticed Terence
  1119 | D:2      | Slain by Terence

Illustrated notes

Levels and vault maps discovered:
D:1:      lightli_arrival_boilingwater, layout_basic, serial_forest,
          infiniplex_forest_clump_small, infiniplex_forest_lined_3,
          infiniplex_forest_lined_corner, infiniplex_forest_straight_2,
          infiniplex_forest_zigzag_2, palyth_stone_intersect
D:2:      minmay_recursive_quarters, layout_loops_cross,
          kennysheep_generic_room_10, uniq_terence

Skill      XL: |  1 |
---------------+----+-----
Short Blades   | 3 |  3.3
Fighting       | |  2.4
Throwing       | |  2.1
Dodging        | |  1.6
Stealth        | |  5.5
Shields        | |  0.3

Action                   || total
-------------------------++-------
Melee: Dagger            ||    40
  Use: Scroll            ||     6
 Stab: Sleeping          ||     9
Armor: Robe              ||     2
Dodge: Dodged            ||    13
Block: Other             ||     1
       Buckler           ||     8

Table legend: (Time is in decaauts)
 A = Elapsed time spent in this place.
 B = Non-inter-level travel time spent in this place.
 C = Inter-level travel time spent in this place.
 D = Time resting spent in this place.
 E = Time spent auto-exploring this place.
 F = Levels seen in this place.
 G = Mean time per level.
                   A        B        C        D        E       F      G
               +--------+--------+--------+--------+--------+-----+--------+
         Total |   1118 |   1101 |     17 |      0 |    972 |   2 |  559.0 |
       Dungeon |   1118 |   1101 |     17 |      0 |    972 |   2 |  559.0 |
               +--------+--------+--------+--------+--------+-----+--------+

Top non-repeatable levels by time:
     D:1: 1087 daAuts
     D:2: 30 daAuts
